 Dungeon Crawl Stone Soup version 0.16-a0-3218-g9b393b2 (webtiles) character file.

159927 myeffort the Metallomancer (level 17, -14/121 HPs)
             Began as a Deep Dwarf Earth Elementalist on Dec 19, 2014.
             Was a High Priest of Makhleb.
             Demolished by a frost giant
             ... wielding a +1 battleaxe of freezing
              (15 damage)
             ... on level 1 of the Depths on Dec 20, 2014.
             The game lasted 03:28:06 (44604 turns).

myeffort the Metallomancer (DDEE)                  Turns: 44604, Time: 03:28:07

Health: -14/121    AC: 18    Str: 12    XL:     17   Next: 17%
Magic:  27/50      EV: 12    Int: 25    God:    Makhleb [*****.]
Gold:   2488       SH: 16    Dex: 13    Spells: 5 memorised, 2 levels left

rFire  + . .     SeeInvis .     a - staff of power
rCold  + . .     Clarity  .     Y - +3 leather armour {rF+}
rNeg   + + .     SustAb   .     v - +3 shield {AC+3}
rPois  .         Gourm    .     (no helmet)
rElec  .         Spirit   .     t - +2 cloak of Subjectivity {rN+ Curse}
rCorr  +         Warding  .     J - +2 pair of gloves {archery}
rMut   .         Stasis   .     x - +2 pair of boots
MR     ++...                    N - amulet of resist corrosion
Stlth  +++++++...               c - ring of stealth
                                h - ring "Ituffarph" {Wiz rC+ Int+2}

@: non-regenerating, very resistant to hostile enchantments, extremely stealthy
A: damage resistance, recharge devices, negative energy resistance 1, sense
surroundings 2, slow healing 3
a: Device Recharging, Minor Destruction, Lesser Servant of Makhleb, Major
Destruction, Greater Servant of Makhleb, Renounce Religion


You were on level 1 of the Depths.
You worshipped Makhleb.
Makhleb was extremely pleased with you.
You were near starving.

You visited 7 branches of the dungeon, and saw 33 of its levels.
You also visited: Labyrinth and Sewer.

You collected 3442 gold pieces.
You spent 954 gold pieces at shops.

Inventory:

Missiles
 b - 340 stones (quivered)
Armour
 o - the +1 helmet of the Mind {+Fly Curse}
   (You bought it in a shop on level 4 of the Orcish Mines)

   It lets you fly.
   It may recurse itself when equipped.
 t - the +2 cloak of Subjectivity (worn) {rN+ Curse}
   (You bought it in a shop on level 11 of the Dungeon)

   It protects you from negative energy.
   It may recurse itself when equipped.
 v - a +3 shield of protection (worn)
 x - a +2 pair of boots (worn)
 J - a +2 pair of gloves of archery (worn)
 Y - a +3 leather armour of fire resistance (worn)
Magical staves
 a - an uncursed staff of power (weapon)
Jewellery
 c - a ring of stealth (right hand)
 d - an uncursed ring of poison resistance
 e - an uncursed ring of protection from cold
 h - the ring "Ituffarph" (left hand) {Wiz rC+ Int+2}
   (You took it off a minotaur in a labyrinth)

   [ring of wizardry]

   It improves your spell success rate.
   It affects your intelligence (+2).
   It protects you from cold.
 w - an uncursed ring of see invisible
 M - an uncursed amulet of resist mutation
 N - an amulet of resist corrosion (around neck)
Magical devices
 i - a wand of heal wounds (3)
 j - a wand of enslavement (15)
 r - a wand of heal wounds (7)
 s - a wand of magic darts (24)
 u - a wand of hasting (4)
 F - a wand of paralysis (11)
 L - a wand of confusion (29)
 T - a wand of fire (5)
 V - a wand of random effects (18)
 W - a wand of teleportation (3)
Scrolls
 n - a scroll of silence
 p - 6 scrolls of fog
 y - 7 scrolls of identify
 z - 2 scrolls of fear
 K - a scroll of summoning
 R - 6 scrolls of teleportation
Potions
 g - 3 potions of heal wounds
 k - 2 potions of flight
 q - 8 potions of brilliance
 A - 2 potions of restore abilities
 B - 8 potions of curing
 C - a potion of resistance
 G - 8 potions of haste
 H - a potion of might
 O - a potion of magic
 Z - 2 potions of cancellation
Books
 P - a book of Dreams

   Spells                             Type                      Level
   a - Ensorcelled Hibernation        Hexes/Ice                    2
   b - Flight                         Charms/Air                   3
   c - Phase Shift                    Translocation                5
   d - Shadow Creatures               Summoning                    5
   e - Mass Confusion                 Hexes                        6
   f - Darkness                       Hexes                        7
Miscellaneous
 l - a phantom mirror
 E - a stone of tremors (inert, charging)
 I - a plain deck of destruction {drawn: 4}
Comestibles
 f - 13 bread rations
 m - 3 meat rations
 D - 2 beef jerkies


   Skills:
 - Level 2.1 Dodging
 - Level 15.5 Stealth
 - Level 15.7 Shields
 - Level 2.3 Spellcasting
 + Level 7.2 Conjurations
 - Level 0.8 Transmutations
 - Level 21.0 Earth Magic
 - Level 15.2 Invocations
 - Level 15.1 Evocations


You had 2 spell levels left.
You knew the following spells:

 Your Spells              Type           Power        Failure   Level  Hunger
a - Sandblast             Erth           ######       0%          1    None
b - Stoneskin             Trmt/Erth      ######..     1%          2    ##.....
c - Iron Shot             Conj/Erth      ######....   2%          6    #######
d - Lee's Rapid Deconstr  Erth           #######...   1%          5    ######.
e - Petrify               Trmt/Erth      ######..     1%          4    ####...


Dungeon Overview and Level Annotations

Branches:
Dungeon (15/15)            Temple (1/1) D:4            Lair (8/8) D:11
 Spider (2/5) Lair:3        Slime (0/6) Lair:8          Orc (4/4) D:12
    Elf (2/3) Orc:3        Vaults (0/5) D:13         Depths (1/5) D:15
  Swamp: Lair:3-6    Shoals: Lair:3-6

Altars:
Ashenzari
Cheibriados
Fedhas
Gozag
Kikubaaqudgha
Makhleb
Nemelex Xobeh
Qazlal
Ru
Trog
Vehumet
Xom
Yredelemnul
Zin
The Shining One
Beogh
Jiyva

Shops:
D:4 (   D:10 :   D:11 [   D:12 ?   Orc:4 :(*[   Elf:1 :?:}[

Annotations:
D:10 runed door, exclusion: hill giant
Lair:6 2 exclusions
Elf:2 runed door


Innate Abilities, Weirdness & Mutations

You are resistant to damage.
You can recharge devices by infusing magical energy.
You resist negative energy.
You passively map the area around you.
You do not heal naturally.


Message History

* * * LOW HITPOINT WARNING * * *
The komodo dragon closely misses you.
You barely miss the frost giant.
The frost giant is moderately wounded.
You block the great orb of eyes' attack.
The frost giant closely misses you. The komodo dragon misses you.
You hit the frost giant but do no damage.
The frost giant is moderately wounded.
The great orb of eyes bites you but does no damage.
You block the komodo dragon's attack. The frost giant misses you.
The great orb of eyes bites you!
* * * LOW HITPOINT WARNING * * *
You hit the frost giant.
The frost giant is moderately wounded.
The komodo dragon bites you!
* * * LOW HITPOINT WARNING * * *
The great orb of eyes gazes at you. You resist with almost no effort.
The frost giant hits you with a battleaxe of freezing!
You die...

#......)....## ##
##...........##
#......[......#
#.......#####.#
#......### .#
##........# ,.'
#.....###..# .#8
#######G#######.#
...
#≈≈≈≈≈≈@≈≈≈≈≈≈#.#
## #
#≈≈≈≈.lC..≈≈≈≈#,#
#≈≈≈.......≈≈≈#
#≈≈.........≈≈#
#≈...##.##...≈#
#≈...#.%.#...≈#
,+...#.:#..#...+
≈...#.,.#...≈#* *
≈...## ##...≈#


You could see a frost giant, a great orb of eyes and a komodo dragon shaped
shifter.

Vanquished Creatures
  A deep elf blademaster (Elf:2)
  Agnes (Elf:2)
  A fire giant (Orc:4)
  A stone giant (Depths:1)
  4 vault guards (D:13)
  7 hydras
  A rakshasa (D:15)
  An ogre mage (D:15)
  7 dancing weapons (Elf:2)
  A centaur warrior (D:13)
  An orc high priest (Orc:4)
  3 tengu warriors
  2 hell knights (Elf:2)
  2 fire crabs
  A catoblepas (Lair:8)
  14 deep elf knights
  5 skeletal warriors (D:14)
  A wizard (D:15)
  4 deep elf summoners
  3 unseen horrors
  Erolcha (D:9)
  An orc knight (Orc:4)
  6 orb spiders
  A wolf spider zombie (D:14)
  21 ugly things
  4 deep elf conjurers
  A mana viper (shapeshifter) (D:15)
  2 oklob plants (Lair:8)
  13 hill giants
  3 red wasps
  13 wolf spiders
  3 orc sorcerers
  3 manticores
  A griffon (Lair:7)
  5 cyclopes
  A stone giant zombie (Orc:4)
  4 black mambas
  7 elephants
  Maurice (D:10)
  Joseph (D:10)
  16 spiny frogs
  3 gargoyles
  A guardian serpent (D:13)
  A spiny frog (shapeshifter) (D:14)
  4 torpor snails
  3 yaktaurs (D:15)
  A queen ant (Spider:2)
  Psyche (D:11)
  12 komodo dragons
  A redback zombie (D:15)
  An efreet (D:15)
  8 deep elf priests
  2 demonic crawlers
  6 jumping spiders
  7 fire drakes
  31 blink frogs
  6 two-headed ogres
  A giant leech (Lair:8)
  A harpy skeleton (D:15)
  A fire vortex (Orc:4)
  6 trolls
  A boulder beetle (Lair:7)
  A giant leech (shapeshifter) (D:15)
  5 flying skulls (D:12)
  11 slime creatures
  5 basilisks
  2 ravens (D:15)
  5 redbacks
  3 vampires
  12 yaks
  2 wraiths
  A wyvern (Lair:7)
  3 trapdoor spiders
  10 tarantellas
  A fire elemental (Lair:5)
  15 deep elf magi
  11 hippogriffs
  Eustachio (D:6)
  A shadow (D:15)
  9 vampire mosquitoes
  A human (D:9)
  Grum (Orc:1)
  4 fire bats (Orc:4)
  21 deep elf fighters
  2 hungry ghosts
  6 soldier ants (Spider:2)
  5 wargs
  13 water moccasins
  An earth elemental (Depths:1)
  A hell hound (Lair:5)
  2 mottled dragons
  10 porcupines
  16 wolves
  3 ice beasts
  2 necrophages (D:11)
  8 spiders (Spider:1)
  5 yellow wasps
  20 orc warriors
  A porcupine (shapeshifter) (D:15)
  A red wasp simulacrum (D:14)
  20 ogres
  3 boggarts (D:15)
  3 phantoms
  2 sky beasts
  13 crocodiles
  Sigmund (D:3)
  A boring beetle (Lair:4)
  9 centaurs
  3 wyvern zombies
  2 big kobolds
  43 giant frogs
  2 cyclops zombies (Orc:4)
  A water moccasin zombie (D:11)
  4 scorpions
  8 killer bees
  The ghost of asdu the Slasher, a weakling DsBe of Trog (D:4)
  6 crimson imps
  12 electric eels
  16 wights
  3 goliath beetles
  3 centaur zombies
  3 jellies
  2 giant frog zombies
  4 human zombies (D:12)
  6 centaur skeletons
  2 lava snakes
  Crazy Yiuf (D:2)
  12 hounds
  5 giant frog skeletons
  3 hell rats (D:12)
  14 iguanas
  21 orc priests
  31 orc wizards
  22 worker ants
  Ijyb (D:2)
  Jessica (D:2)
  11 sheep
  A hound zombie (D:9)
  Terence (D:2)
  A hound skeleton (D:7)
  13 gnolls
  A mummy (D:11)
  93 river rats
  7 shadow imps
  29 adders
  4 giant mites
  3 worms
  An adder zombie (D:9)
  An adder skeleton (D:4)
  10 giant geckos
  146 orcs
  A bat skeleton (D:4)
  A bat zombie (D:5)
  6 giant cockroaches
  30 goblins
  18 hobgoblins
  22 jackals
  17 quokkas
  3 ball pythons
  17 bats
  6 giant newts
  4 giant spores
  19 kobolds
  19 rats
  14 ballistomycetes
  3 fungi
  5 plants
1279 creatures vanquished.

Vanquished Creatures (collateral kills)
  Donald (Spider:2)
  2 orc warlords (Orc:4)
  A vampire knight (D:12)
  A minotaur (Lab)
  Fannar (Orc:4)
  Harold (Lair:4)
  An ice dragon (Depths:1)
  2 hydras (Lair:5)
  A vampire mage (D:12)
  3 orc high priests (Orc:4)
  The ghost of asdu the Carver, a powerful VSAs of Ru (Orc:3)
  Nergalle (Orc:4)
  A deep elf knight (Elf:2)
  4 hill giants (Orc:4)
  An orc knight (D:13)
  2 griffons
  A cyclops (Orc:4)
  3 ugly things (Depths:1)
  A draconian (shapeshifter) (D:13)
  3 orc sorcerers
  2 elephants (Lair:2)
  2 spiny frogs (Lair:8)
  A demonic crawler (Spider:1)
  A tengu conjurer (Depths:1)
  5 fire drakes (Lair:5)
  2 jumping spiders (Spider:1)
  Sonja (Orc:4)
  6 trolls
  5 vampires (D:12)
  A basilisk (Lair:5)
  5 slime creatures (D:13)
  A raven (Depths:1)
  2 deep elf magi (Orc:4)
  A flying skull (D:12)
  2 trapdoor spiders (Spider:1)
  3 wyverns
  3 yaks (Lair:5)
  A hill giant zombie (Orc:4)
  4 hippogriffs (Lair:5)
  A deep elf fighter (Elf:1)
  3 wargs (Orc:4)
  2 porcupines
  15 orc warriors
  A swamp drake (Orc:4)
  2 spiders (Spider:1)
  An eye of draining (shapeshifter) (Elf:1)
  An ice beast (Orc:4)
  4 ogres (Orc:4)
  A gnoll sergeant (D:13)
  An electric eel (Lair:8)
  2 orc priests
  6 human zombies (D:12)
  An iron imp (Orc:4)
  8 orc wizards
  An adder (D:12)
  A shadow imp (Orc:4)
  A white imp (Orc:4)
  2 giant mites (Lair:2)
  38 orcs
  A goblin (Orc:4)
  A bush (Lair:2)
  A fungus (Lair:4)
  2 plants (Lair:2)
177 creatures vanquished.

Vanquished Creatures (others)
  2 Executioners
  6 balrugs
  3 cacodemons
  5 blizzard demons
  2 smoke demons
  A hellwing (Spider:1)
  2 ynoxinuls
  3 neqoxecs
  An earth elemental (Spider:1)
  A wight (D:14)
  A crimson imp (Orc:3)
  An orc priest (Orc:4)
  A shadow imp (Orc:3)
  An adder (D:3)
  3 ufetubi
  An orc (Orc:4)
  A giant spore (D:14)
  3 ballistomycetes (D:14)
  A bush (Lair:2)
  10 fungi
  4 plants
  10 toadstools (Lair:8)
63 creatures vanquished.

Grand Total: 1519 creatures vanquished

Notes
Turn   | Place    | Note
--------------------------------------------------------------
     0 | D:1      | myeffort, the Deep Dwarf Earth Elementalist, began the quest for the Orb.
     0 | D:1      | Reached XP level 1. HP: 15/15 MP: 2/2
     6 | D:1      | Noticed a four-headed hydra
     6 | D:1      | Noticed a hound
     6 | D:1      | Noticed a black bear
   258 | D:1      | Reached XP level 2. HP: 22/22 MP: 0/4
   445 | D:1      | Reached skill level 1 in Evocations
  1014 | D:2      | Noticed Jessica
  1202 | D:2      | Reached XP level 3. HP: 26/28 MP: 6/6
  1353 | D:2      | Found an opulent altar of Gozag.
  1409 | D:2      | Reached skill level 5 in Earth Magic
  1533 | D:2      | Killed Jessica
  1533 | D:2      | Reached XP level 4. HP: 33/36 MP: 4/7
  1605 | D:2      | Noticed a moth of wrath
  1607 | D:2      | Found a bloodstained altar of Trog.
  1817 | D:2      | Found a shattered altar of Ashenzari.
  1848 | D:2      | Noticed Ijyb
  1876 | D:2      | Killed Ijyb
  1882 | D:2      | Learned a level 2 spell: Stoneskin
  1952 | D:2      | Noticed Crazy Yiuf
  1959 | D:2      | Killed Crazy Yiuf
  1959 | D:2      | Reached XP level 5. HP: 23/42 MP: 3/9
  1999 | D:2      | Noticed Terence
  2220 | D:3      | Reached skill level 6 in Earth Magic
  2270 | D:3      | Noticed a sky beast
  2412 | D:3      | HP: 2/42 [gnoll/spear (4)]
  2617 | D:3      | Noticed Sigmund
  2643 | D:3      | Killed Sigmund
  2643 | D:3      | Reached skill level 5 in Stealth
  2643 | D:3      | Reached XP level 6. HP: 28/49 MP: 2/10
  3010 | D:2      | Reached skill level 7 in Earth Magic
  3072 | D:2      | Killed Terence
  3182 | D:4      | Found a snail-covered altar of Cheibriados.
  3207 | D:4      | Found Twaggaqu's Antique Weapon Boutique.
  3232 | D:4      | Learned a level 3 spell: Stone Arrow
  3259 | D:4      | Noticed asdu's ghost (weakling DsBe)
  3284 | D:4      | Killed asdu's ghost
  3345 | D:4      | Reached skill level 8 in Earth Magic
  3345 | D:4      | Reached XP level 7. HP: 16/55 MP: 4/12
  3584 | D:4      | Found a staircase to the Ecumenical Temple.
  3596 | Temple   | Entered the Ecumenical Temple
  3624 | Temple   | Became a worshipper of Makhleb the Destroyer
  3938 | D:3      | Killed a sky beast
  3938 | D:3      | Reached skill level 9 in Earth Magic
  4021 | D:5      | Entered Level 5 of the Dungeon
  4108 | D:5      | Reached XP level 8. HP: 32/62 MP: 8/13
  4171 | D:5      | Got an encrusted falchion
  4172 | D:5      | Identified the +3 falchion of the Equator {speed, Str+3} (You found it on level 5 of the Dungeon)
  4290 | D:5      | Acquired Makhleb's first power
  4290 | D:5      | Reached skill level 10 in Earth Magic
  4874 | D:6      | Found a glowing drain.
  4908 | Sewer    | Entered a sewer
  4955 | Sewer    | Learned a level 5 spell: Lee's Rapid Deconstruction
  4988 | Sewer    | Acquired Makhleb's second power
  5078 | Sewer    | Found a glowing silver altar of Zin.
  5120 | D:6      | Noticed Eustachio
  5133 | D:6      | Killed Eustachio
  5133 | D:6      | Reached skill level 10 in Stealth
  5133 | D:6      | Reached skill level 11 in Earth Magic
  5815 | D:6      | Gained mutation: You passively map the area around you. [level up]
  5815 | D:6      | Reached XP level 9. HP: 57/68 MP: 12/15
  6100 | D:7      | Acquired Makhleb's third power
  6255 | D:7      | Reached skill level 12 in Earth Magic
  6896 | D:7      | Found a shimmering altar of Xom.
  6923 | D:7      | Found a stormy altar of Qazlal.
  6925 | D:7      | Found a basalt altar of Yredelemnul.
  7250 | D:7      | Acquired Makhleb's fourth power
  7272 | D:8      | Found a radiant altar of Vehumet.
  7955 | D:9      | Noticed a cyclops
  7995 | D:9      | Reached skill level 13 in Earth Magic
  8363 | D:9      | Reached XP level 10. HP: 30/75 MP: 2/16
  8679 | D:9      | Acquired Makhleb's fifth power
  8707 | D:9      | Noticed Erolcha
  8709 | D:9      | Killed Erolcha
  8709 | D:9      | Reached skill level 14 in Earth Magic
  9104 | D:10     | Entered Level 10 of the Dungeon
  9105 | D:10     | Noticed Joseph
  9118 | D:10     | Killed Joseph
  9344 | D:10     | Found a glowing silver altar of Zin.
  9344 | D:10     | Noticed an angel
  9345 | D:10     | Found a runed door.
  9592 | D:10     | Reached skill level 15 in Earth Magic
  9635 | D:10     | Noticed Maurice
  9696 | D:10     | Killed Maurice
  9696 | D:10     | Reached skill level 1 in Invocations
  9885 | D:10     | Reached XP level 11. HP: 81/81 MP: 13/18
  9907 | D:10     | Found Nyneumergh's Book Boutique.
  9967 | D:10     | Noticed a hill giant
 10217 | D:10     | Reached skill level 15 in Stealth
 10227 | D:10     | You fall through a shaft for 2 floors!
 10528 | D:11     | Found a staircase to the Lair.
 10554 | D:11     | Noticed Psyche
 10559 | D:11     | Killed Psyche
 10559 | D:11     | Reached skill level 5 in Invocations
 10644 | D:11     | Found Cumurava's Antique Armour Shoppe.
 10656 | D:11     | Bought a warped cloak for 190 gold pieces
 10656 | D:11     | Bought a pair of runed boots for 90 gold pieces
 10681 | D:11     | Identified the +2 cloak of Subjectivity {rN+ Curse} (You bought it in a shop on level 11 of the Dungeon)
 10893 | Lair:1   | Entered Level 1 of the Lair of Beasts
 10960 | Lair:1   | Reached skill level 1 in Shields
 11190 | Lair:1   | Noticed a four-headed hydra
 11203 | Lair:1   | Killed a four-headed hydra
 11587 | Lair:1   | Got a polished ring mail
 11598 | Lair:1   | Identified the +1 ring mail of Weightlessness {rN+} (You found it on level 1 of the Lair of Beasts)
 11607 | Lair:1   | Reached skill level 5 in Shields
 11689 | Lair:1   | Reached skill level 5 in Evocations
 12391 | Lair:2   | Noticed an eight-headed hydra
 12577 | Lair:2   | Killed an eight-headed hydra
 12830 | Lair:3   | Reached XP level 12. HP: 88/88 MP: 14/24
 13620 | Lair:3   | Found a hole to the Spider Nest.
 13816 | Lair:4   | Noticed Harold
 14299 | D:12     | Reached skill level 10 in Invocations
 14451 | D:12     | Found Tranaott's Magic Scroll Emporium.
 14455 | D:12     | Bought a scroll of teleportation for 39 gold pieces
 14455 | D:12     | Bought a scroll of fear for 45 gold pieces
 14455 | D:12     | Bought a scroll of recharging for 123 gold pieces
 15185 | D:12     | Reached skill level 10 in Evocations
 15240 | D:12     | Found a staircase to the Orcish Mines.
 15333 | D:12     | Noticed a vampire mage
 15344 | D:12     | Killed a vampire mage
 15478 | D:12     | Noticed a vampire knight
 15485 | D:12     | Killed a vampire knight
 15494 | D:12     | Found an ancient bone altar of Kikubaaqudgha.
 16137 | D:13     | Found a gate to the Vaults.
 16137 | D:13     | Noticed a vault guard
 16137 | D:13     | Noticed a vault guard
 16137 | D:13     | Noticed a vault guard
 16316 | Lair:2   | Reached XP level 13. HP: 82/94 MP: 17/28
 16516 | Lair:4   | Killed Harold
 18725 | Lair:6   | Found a labyrinth entrance.
 18740 | Lab      | Entered a labyrinth
 18923 | Lab      | Got a slimy platinum ring
 18926 | Lab      | Identified the ring "Ituffarph" {Wiz rC+ Int+2} (You took it off a minotaur in a labyrinth)
 18945 | Lab      | Got a crystal quarterstaff
 18952 | Lab      | Identified the +5 quarterstaff of Dumpou {distort, SInv} (You found it in a labyrinth)
 18959 | Lab      | Gained mutation: Your mind is acute. (Int +2) [potion of beneficial mutation]
 19549 | Lair:6   | Found a snail-covered altar of Cheibriados.
 19844 | Lair:6   | Reached skill level 10 in Shields
 21753 | Lair:1   | Learned a level 4 spell: Petrify
 22477 | Lair:8   | Entered Level 8 of the Lair of Beasts
 22552 | Lair:8   | Gained mutation: You resist negative energy. [level up]
 22552 | Lair:8   | Reached XP level 14. HP: 102/102 MP: 30/30
 23636 | Lair:8   | Found a blossoming altar of Fedhas.
 24587 | Lair:8   | Found a staircase to the Slime Pits.
 24588 | Lair:8   | Found a viscous altar of Jiyva.
 25315 | Lair:8   | Got a clouded pewter ring
 25317 | Lair:8   | Identified the ring "Riejask" {MR+ Dex+5} (You found it on level 8 of the Lair of Beasts)
 26175 | D:13     | Noticed a centaur warrior
 26439 | D:13     | Noticed a vault guard
 26449 | D:13     | Killed a vault guard
 26449 | D:13     | Killed a vault guard
 26451 | D:13     | Killed a vault guard
 26451 | D:13     | Killed a vault guard
 26673 | D:13     | Killed a centaur warrior
 27139 | D:13     | Reached skill level 15 in Invocations
 27609 | D:14     | Reached skill level 15 in Evocations
 28594 | D:15     | Entered Level 15 of the Dungeon
 28774 | D:15     | Reached XP level 15. HP: 101/108 MP: 27/32
 30022 | D:15     | Reached skill level 15 in Shields
 30284 | D:15     | Found a staircase to the Depths.
 31170 | Orc:1    | Entered Level 1 of the Orcish Mines
 31693 | Orc:1    | Noticed Grum
 31696 | Orc:1    | Killed Grum
 33114 | Orc:3    | Noticed asdu's ghost (powerful VSAs)
 33324 | Orc:3    | Found a staircase to the Elven Halls.
 33528 | Orc:3    | Found a roughly hewn altar of Beogh.
 33858 | Orc:3    | Killed asdu's ghost
 33884 | Orc:4    | Entered Level 4 of the Orcish Mines
 33916 | Orc:4    | Paralysed by an orc sorcerer for 4 turns
 34086 | Orc:4    | Paralysed by an orc sorcerer for 2 turns
 34125 | Orc:4    | Found Shaav's Book Boutique.
 34175 | Orc:4    | Reached skill level 16 in Earth Magic
 34588 | Orc:4    | Found Taeweoqo's Antique Weapon Shoppe.
 34591 | Orc:4    | Noticed Fannar
 34602 | Orc:4    | Killed Fannar
 34651 | Orc:4    | Noticed Sonja
 34653 | Orc:4    | Found Wiosed's Antique Armour Emporium.
 34664 | Orc:4    | Killed Sonja
 34742 | Orc:4    | Bought a faintly glowing helmet for 275 gold pieces
 34752 | Orc:4    | Identified the +1 helmet of the Mind {+Fly Curse} (You bought it in a shop on level 4 of the Orcish Mines)
 34775 | Orc:4    | Found Cregrieg's General Store.
 34779 | Orc:4    | Noticed Nergalle
 34797 | Orc:4    | Killed Nergalle
 34797 | Orc:4    | Reached skill level 17 in Earth Magic
 34817 | Orc:4    | Bought 17 stones for 30 gold pieces
 35948 | Orc:4    | Got a polished leather armour
 36075 | Orc:4    | Identified the cursed -4 leather armour of the Burgomaster {rF+ rN+} (You found it on level 4 of the Orcish Mines)
 36180 | Orc:4    | Reached XP level 16. HP: 115/115 MP: 33/33
 37092 | Orc:4    | Reached skill level 18 in Earth Magic
 37353 | Orc:4    | Bought a shiny shield for 130 gold pieces
 37613 | Elf:1    | Entered Level 1 of the Elven Halls
 37908 | Elf:1    | Found Ciatiw's Magic Scroll Shoppe.
 37916 | Elf:1    | Bought a scroll of fog for 32 gold pieces
 37920 | Elf:1    | Found Unimepau's Gadget Boutique.
 37934 | Elf:1    | Found Ocaig's Book Emporium.
 38220 | Elf:1    | Found Guvim's Book Shoppe.
 38266 | Elf:1    | Found Isonoj's Antique Armour Shoppe.
 39010 | Elf:2    | Noticed a deep elf blademaster
 39019 | Elf:2    | Found a runed gate.
 39019 | Elf:2    | Found a runed gate.
 39019 | Elf:2    | Found a runed gate.
 39025 | Elf:2    | Reached skill level 19 in Earth Magic
 39236 | Elf:2    | Found a radiant altar of Vehumet.
 39327 | Elf:2    | Noticed Agnes
 39364 | Elf:2    | Killed Agnes
 40076 | Elf:2    | Reached skill level 20 in Earth Magic
 40135 | Elf:2    | Killed a deep elf blademaster
 40467 | Orc:3    | Upgraded the game from 0.16-a0-3212-g68818ff to 0.16-a0-3218-g9b393b2
 40944 | Spider:1 | Entered Level 1 of the Spider Nest
 41159 | Spider:1 | Reached skill level 21 in Earth Magic
 41180 | Spider:1 | Reached skill level 1 in Conjurations
 42996 | Spider:2 | Noticed Donald
 43016 | Spider:2 | Killed Donald
 43016 | Spider:2 | Reached skill level 5 in Conjurations
 43215 | Spider:2 | Reached XP level 17. HP: 121/121 MP: 28/33
 43783 | Lair:1   | Learned a level 6 spell: Iron Shot
 43799 | D:11     | Gained mutation: You have a pair of small horns on your head. [potion of mutation]
 43799 | D:11     | Lost mutation: Your mind is acute. (Int +2) [potion of mutation]
 43799 | D:11     | Gained mutation: Your magical capacity is low (-10% MP). [potion of mutation]
 43800 | D:11     | Lost mutation: Your magical capacity is low (-10% MP). [potion of cure mutation]
 43800 | D:11     | Lost mutation: You have a pair of small horns on your head. [potion of cure mutation]
 43984 | Depths:1 | Entered Level 1 of the Depths
 44604 | Depths:1 | HP: 1/121 [komodo dragon (shapeshifter) (7)]
 44604 | Depths:1 | Demolished by a frost giant

Action                   |  1- 3 |  4- 6 |  7- 9 | 10-12 | 13-15 | 16-18 || total
-------------------------+-------+-------+-------+-------+-------+-------++-------
Melee: Unarmed           |    32 |       |       |       |       |       ||    32
       Dagger            |    17 |   126 |    58 |       |       |       ||   201
       Mace              |       |     1 |       |       |       |       ||     1
       Falchion          |       |       |   220 |   415 |    56 |       ||   691
       Staff             |       |       |       |       |   107 |    78 ||   185
 Fire: Blowgun           |       |       |     9 |       |       |       ||     9
Throw: Stone             |       |       |     1 |     9 |     2 |       ||    12
 Cast: Sandblast         |    50 |    58 |   127 |   299 |   154 |   112 ||   800
       Stoneskin         |       |     4 |    14 |    12 |    11 |     5 ||    46
       Stone Arrow       |       |       |    11 |    47 |   822 |   237 ||  1117
       Lee's Rapid Decon |       |       |     6 |    66 |   199 |   113 ||   384
       Petrify           |       |       |       |       |    19 |    16 ||    35
       Iron Shot         |       |       |       |       |       |    25 ||    25
Invok: Minor Destruction |       |       |       |     4 |       |       ||     4
       Greater Servant o |       |       |       |     2 |    13 |     9 ||    24
       Lesser Servant of |       |       |       |       |     7 |    10 ||    17
Evoke: Wand              |       |     4 |     3 |     3 |     2 |     3 ||    15
       Stone of tremors  |       |       |       |     1 |       |     3 ||     4
       Deck              |       |       |       |       |     2 |     2 ||     4
  Use: Potion            |       |     1 |       |    14 |     7 |     5 ||    27
       Scroll            |       |       |     8 |    14 |     5 |    16 ||    43
 Stab: Sleeping          |       |     2 |     7 |     6 |     1 |       ||    16
       Distracted        |       |       |     1 |       |       |       ||     1
  Eat: Chunk             |     2 |     7 |    21 |    45 |   151 |    54 ||   280
       Pizza             |       |       |       |     6 |     1 |     1 ||     8
       Royal jelly       |       |       |       |     1 |       |     2 ||     3
       Fruit             |       |       |       |       |    43 |       ||    43
       Beef jerky        |       |       |       |       |     1 |     7 ||     8
       Bread ration      |       |       |       |       |     3 |     5 ||     8
       Meat ration       |       |       |       |       |     1 |     2 ||     3
